 Dungeon Crawl Stone Soup version 0.29.1-15-g9cfb28693d (webtiles) character file.

Game seed: 16501859390985050918

18 protoss039 the Digger (level 2, -4/21 HPs)
             Began as a Demonspawn Earth Elementalist on Mar 12, 2023.
             Slain by a kobold
             ... wielding a +0 whip
              (5 damage)
             ... on level 2 of the Dungeon.
             The game lasted 00:01:10 (1401 turns).

protoss039 the Digger (DsEE)                        Turns: 1401, Time: 00:01:11

Health: -4/21      AC:  3    Str:  8    XL:     2   Next: 48%
Magic:  4/5        EV: 12    Int: 16    God:
Gold:   45         SH:  0    Dex: 13    Spells: 2/5 levels left

rFire   . . .      SeeInvis .   d - +0 dagger
rCold   . . .      Faith    .   (no shield)
rNeg    . . .      Spirit   .   g - +0 leather armour
rPois   .          Reflect  .   (no helmet)
rElec   .          Harm     .   (no cloak)
rCorr   .          Rampage  .   (no gloves)
Will    .....                   (no boots)
Stlth   ++........              (no amulet)
HPRegen 0.07/turn               (no ring)
MPRegen 0.09/turn               (no ring)

@: very slightly contaminated
A: sturdy frame 1
a: no special abilities


You were on level 2 of the Dungeon.
You visited 1 branch of the dungeon, and saw 2 of its levels.

You collected 45 gold pieces.

Inventory:

Hand Weapons
 d - a +0 dagger (weapon)
Armour
 g - a +0 leather armour (worn)
Scrolls
 i - a scroll of brand weapon
Potions
 c - a potion of degeneration {unknown}
 e - a potion of cancellation {unknown}
 f - a potion of resistance {unknown}
 h - a potion of brilliance {unknown}


   Skills:
 + Level 1.1 Fighting
 - Level 1.7 Dodging
 - Level 1.7 Stealth
 + Level 2.3 Spellcasting
 - Level 0.8 Transmutations
 + Level 3.0 Earth Magic


You had 2 spell levels left.
You knew the following spells:

 Your Spells              Type           Power      Damage    Failure   Level
a - Sandblast             Erth           22%        2d7       6%          1
b - Passwall              Tmut/Erth      6%         N/A       14%         2

Your spell library contained the following spells:

 Spells                   Type           Power      Damage    Failure   Level
 Apportation              Tloc           2%         N/A       22%         1
 Necrotise                Necr           4%         1d4       22%         1
 Summon Small Mammal      Summ           4%         N/A       22%         1
 Stone Arrow              Conj/Erth      12%        3d7       34%         3
 Petrify                  Tmut/Erth      8%         N/A       67%         4
 Summon Ice Beast         Ice/Summ       1%         N/A       91%         4
 Summon Mana Viper        Hex/Summ       1%         N/A       99%         5
 Monstrous Menagerie      Summ           0%         N/A       100%        7


Dungeon Overview and Level Annotations

Branches:
Dungeon (2/15) Zot: 10586

Altars:


Innate Abilities, Weirdness & Mutations

Your movements are slightly less encumbered by armour. (ER -2)


Message History

Casting: Sandblast (safe; 6% risk of failure)
Confirm with . or Enter, or press ? or * to list all spells.
Aiming: Sandblast (safe; 6% risk of failure)
Press: ? - help, Shift-Dir - straight line, f/p - kobold
Aim: a kobold, wielding a +3 dagger of protection (77% to hit)
You miscast Sandblast.
You are very lightly contaminated with residual magic.
Nothing appears to happen.
The kobold barely misses you. The kobold closely misses you.
Unknown command.
You hit the kobold but do no damage. The kobold hits you with a +0 whip.
The kobold hits you with a +3 dagger of protection.
Unknown command.
You hit the kobold but do no damage.
The kobold hits you with a +3 dagger of protection.
The kobold barely misses you.
Unknown command.
As you read the scroll labelled YRYGGE HEPN, it crumbles to dust.
It is a scroll of identify.
i - a scroll of brand weapon The kobold barely misses you.
The kobold hits you with a +0 whip.
Okay, then.
Casting: Sandblast (safe; 6% risk of failure)
Confirm with . or Enter, or press ? or * to list all spells.
You don't have enough magic to cast this spell.
Magic courses through your body.
The kobold hits you with a +3 dagger of protection.
* * * LOW HITPOINT WARNING * * *
The kobold hits you with a +0 whip.
* * * LOW HITPOINT WARNING * * *
Casting: Sandblast (safe; 6% risk of failure)
Confirm with . or Enter, or press ? or * to list all spells.
Aiming: Sandblast (safe; 6% risk of failure)
Press: ? - help, Shift-Dir - straight line, f/p - kobold
Aim: a kobold, wielding a +3 dagger of protection (77% to hit)
The blast of sand misses the kobold.
The kobold hits you with a +3 dagger of protection.
* * * LOW HITPOINT WARNING * * *
The kobold hits you with a +0 whip.
You die...

###########
#.........#
#.........#
#.........#
#.........#
#.........#
..###.........#
.......K...>..##
.......@K.......
................
.#....##.##.....
#....##.# !....
###... #..# ....
#<#### #.## ...
#.######.# ###
#)..#....#
#.#.#.####


You could see 2 kobolds.

Vanquished Creatures
  2 bats (D:1)
  An endoplasm (D:1)
  4 goblins (D:1)
  2 hobgoblins (D:1)
  4 kobolds
  A quokka (D:1)
  A ball python (D:1)
  A frilled lizard (D:1)
16 creatures vanquished.

Notes
Turn   | Place    | Note
-------+----------+-------------------------------------------
     0 | D:1      | protoss039 the Demonspawn Earth Elementalist began the
                  | quest for the Orb.
     0 | D:1      | Reached XP level 1. HP: 13/13 MP: 3/3
   440 | D:1      | Gained mutation: Your movements are slightly less
                  | encumbered by armour. (ER -2) [demonic ancestry]
   440 | D:1      | Reached XP level 2. HP: 8/20 MP: 1/5
   709 | D:1      | Reached skill level 1 in Fighting
  1236 | D:1      | Reached skill level 3 in Earth Magic
  1347 | D:1      | Learned a level 2 spell: Passwall
  1401 | D:2      | HP: 1/21 [kobold/+3 dagger of protection (3)]
  1401 | D:2      | Slain by a kobold

Illustrated notes

Levels and vault maps discovered:
D:1:      roderic_crossed_star, layout_loops_corners
D:2:      layout_basic, hellmonk_ecumenical_altar_crossroads, uniq_terence

Skill      XL: |  1  2 |
---------------+-------+-----
Fighting       | 1 |  1.1
Earth Magic    | 3 |  3.0
Dodging        | |  1.7
Stealth        | |  1.7
Spellcasting   | |  2.3
Transmutations | |  0.8

Action                   || total
-------------------------++-------
Melee: Dagger            ||     9
 Cast: Sandblast         ||    26
  Use: Scroll            ||     1
       Potion            ||     1
 Stab: Sleeping          ||     2
Armor: Robe              ||     4
       Leather armour    ||     5
Dodge: Dodged            ||    14
